[Event "Late-Titled-Tuesday-Blitz-July-09-2024"]
[Site "Chess.com"]
[Date "2024.07.09"]
[Round "11"]
[White "Matalon"]
[Black "PapaieDudu"]
[Result "0-1"]
[WhiteElo "2467"]
[BlackElo "2421"]
[TimeControl "180+1"]
[EndTime "16:05:29 PDT"]
[Termination "PapaieDudu won by checkmate"]

1. e4 c5 2. Nf3 d6 3. d4 cxd4 4. Nxd4 Nf6 5. Nc3 a6 6. Be2 Nc6 7. O-O e6 8. Be3 Be7 9. Qd2 O-O 10.
a4 Qc7 11. f3 Rd8 12. Rfd1 Bd7 13. Nxc6 bxc6 14. b4 d5 15. exd5 cxd5 16. Rab1 e5 17. Nxd5 Nxd5 18. Qxd5 Bxa4 19. Qa2 Rxd1+ 20. Rxd1 Qxc2 21. Qxc2 Bxc2 22. Rd7 Bxb4 23. Bc4 Bg6 24. Bxa6 h6 25. Bc4 Ra3 26. Kf2 Rc3 27. Bd5 Rc2+ 28. Kg1 Kf8 29. h4 Bc5 30. Bxc5+ Rxc5 31. Kf2 Ke8 32. Rd6 Ke7 33. Rxg6 fxg6 34. Be4 Kf6 35. g4 Rc1 36. Kg2 Re1 37. Kh2 g5 38. h5 Rxe4 39. fxe4 Ke6 40. Kg2 Kd6 41. Kf2 Kc5 42. Ke3 Kc4 43. Ke2 Kd4 44. Kf3 Kd3 45. Kf2 Kxe4 46. Ke2 Kf4 47. Kf2 Kxg4 48. Ke3 Kxh5 49. Ke4 g4 50.
Kxe5 g3 51. Ke6 g2 52. Kf7 g1=Q 53. Kg8 g5 54. Kh7 g4 55. Kh8 g3 56. Kh7 g2 57. Kh8 Qd4+ 58. Kh7 Qd7+ 59. Kh8 Qg4 60. Kh7 Kg5 61. Kg7 Kf5+ 62. Kh7 Kf6 63. Kh8 Qg7# 0-1

[Event "Late-Titled-Tuesday-Blitz-July-09-2024"]
[Site "Chess.com"]
[Date "2024.07.09"]
[Round "11"]
[White "SimplyDevina"]
[Black "AlexanderMatlak"]
[Result "1-0"]
[WhiteElo "2401"]
[BlackElo "2493"]
[TimeControl "180+1"]
[EndTime "16:05:29 PDT"]
[Termination "SimplyDevina won on time"]

1. d4 Nf6 2. c4 c5 3. d5 e6 4. Nc3 exd5 5. cxd5 d6 6. e4 g6 7. f4 Bg7 8. Nf3 O-O 9. Be2 Bg4 10. O-O a6 11. a4 Nbd7 12. h3 Bxf3 13. Bxf3 Re8 14. Re1 Rb8 15. a5 Qc7 16. Be3 b5 17. axb6 Rxb6 18.
Qc2 Reb8 19. Ra2 a5 20. Bf2 Rb4 21. Qd2 Nb6 22. e5 Nc4 23. Qe2 Ne8 24. b3 Nb6 25.
Ne4 Nxd5 26. Nxd6 Nxf4 27. Qd2 Rxb3 28. Qxf4 R3b4 29. Re4 Rb1+ 30. Kh2 c4 31. Rxc4 Qe7 32. Re4 R1b4 33. Rxa5 Rxe4 34. Qxe4 Nxd6 35. exd6 Qxd6+ 36. Bg3 Qd8 37. Bxb8 Qxa5 38. Qe8+ Bf8 39. Bd6 1-0

[Event "Late-Titled-Tuesday-Blitz-July-09-2024"]
[Site "Chess.com"]
[Date "2024.07.09"]
[Round "11"]
[White "JEHUBNER"]
[Black "Chessbard1972"]
[Result "1-0"]
[WhiteElo "2037"]
[BlackElo "2240"]
[TimeControl "180+1"]
[EndTime "16:05:29 PDT"]
[Termination "JEHUBNER won on time"]

1. e4 c5 2. c3 Nf6 3. e5 Nd5 4. d4 e6 5. Nf3 cxd4 6. cxd4 d6 7. exd6 Bxd6 8. Nc3 Nf6 9. Bd3 O-O 10. O-O Nc6 11. Bg5 Be7 12. Bc2 Nb4 13. Bb1 Bd7 14. a3 Nbd5 15. Qd3 g6 16. Bh6 Re8 17. Ne5 Bf8 18. Bg5 Be7 19. Bh6 Bc6 20. Nxc6 bxc6 21. Bc2 Bf8 22. Bg5 Bg7 23. Nxd5 Qxd5 24. Be3 Rad8 25.
Qa6 Rd7 26. Ba4 Rc7 27. Rac1 Rb8 28. b4 Rb6 29. Qe2 Qe4 30. Rc2 Nd5 31. Rfc1 Bxd4 32.
Rc4 e5 33. Bxc6 Nf4 34. Bxe4 Nxe2+ 35. Kf1 Rxc4 36. Rxc4 Nc3 37. Bh6 Rb8 38. Bb7 f5 39.
Ba6 Kf7 40. Rc7+ Ke6 41. Bc4+ Kd6 42. Rxh7 Rc8 43. Bb3 Ne4 44. f3 Nf6 45. Rf7 Nd5 46. Rg7 1-0

[Event "Late-Titled-Tuesday-Blitz-July-09-2024"]
[Site "Chess.com"]
[Date "2024.07.09"]
[Round "11"]
[White "CarlosjPineror"]
[Black "GilbertoHernandezAmura"]
[Result "1-0"]
[WhiteElo "2675"]
[BlackElo "2528"]
[TimeControl "180+1"]
[EndTime "16:05:30 PDT"]
[Termination "CarlosjPineror won by resignation"]

1. b3 Nf6 2. Bb2 g6 3. Bxf6 exf6 4. d4 Bg7 5. e3 d5 6. g3 O-O 7. Bg2 c6 8. Nf3 Bg4 9. O-O Nd7 10. c4 Be6 11. cxd5 Bxd5 12. Nc3 Nb6 13. Nxd5 Nxd5 14. Rc1 f5 15. Ne1 Qa5 16. a4 Nb4 17. Nd3 Nxd3 18. Qxd3 Rad8 19. Qc4 Rd6 20. Qc5 Qxc5 21. Rxc5 Rfd8 22. Rfc1 Bf8 23. R5c4 a5 24. b4 axb4 25. Rxb4 R6d7 26. Rb3 Ra8 27. Rc4 Ra7 28. Bf3 h6 29.
Kg2 g5 30. h3 Kg7 31. Be2 Rd5 32. Bf3 Rda5 33. Kf1 Kf6 34. Ke2 Ke6 35. Kd3 Kd7 36. Bd1 Kc7 37. Rb1 Ra8 38. Ke2 Rd8 39. Kf3 Rd7 40. Bc2 Kd6 41. g4 fxg4+ 42. hxg4 Rc7 43. Bf5 Ke7 44. Rcb4 Ra7 45. R4b3 Kf6 46. a5 Kg7 47. Ke2 Bd6 48. Be4 Re7 49. Kf3 Rc7 50. Rb6 Kf6 51.
Bd3 Ke7 52. Bc4 Rd7 53. a6 bxa6 54. Bxa6 c5 55. dxc5 Bxc5 56. Rxh6 Bd6 57. Bc8 Rdc7 58.
Bf5 Ra2 59. Rb8 Rxf2+ 60. Kxf2 Rc2+ 61. Bxc2 1-0

[Event "Late-Titled-Tuesday-Blitz-July-09-2024"]
[Site "Chess.com"]
[Date "2024.07.09"]
[Round "11"]
[White "TokChess"]
[Black "urano56"]
[Result "1-0"]
[WhiteElo "2576"]
[BlackElo "2420"]
[TimeControl "180+1"]
[EndTime "16:05:31 PDT"]
[Termination "TokChess won by checkmate"]

1. b3 e5 2. Bb2 Nc6 3. Nf3 Bd6 4. e4 Nf6 5. d3 O-O 6. Be2 Re8 7. O-O Bf8 8. Re1 d5 9. Nbd2 Bc5 10. c3 dxe4 11. dxe4 Qe7 12. Qc2 h5 13. b4 Bb6 14. Nc4 a5 15. Nxb6 cxb6 16. a3 Bd7 17. Red1 Rac8 18.
b5 Na7 19. a4 Bg4 20. Ba3 Qc7 21. c4 Rcd8 22. h3 Be6 23. Ng5 Nc8 24. Rxd8 Qxd8 25.
Rd1 Qc7 26. Qd3 Ne7 27. Nxe6 fxe6 28. Qd6 Qxd6 29. Rxd6 Nc8 30. Rd1 g6 31. Bb2 Nxe4 32. Bxe5 Nc5 33. Bf3 Ne7 34. Rd6 Nf5 35. Rxb6 Re7 36.
g4 hxg4 37. hxg4 Nh4 38. Be2 Nxa4 39. Rd6 g5 40. Rd8+ Kf7 41. Ra8 Nb6 42. Rxa5 Nd7 43. Bd6 Re8 44. c5 e5 45. Ra7 Ng6 46. Rxb7 Rd8 47.
Bc4+ Ke8 48. c6 Nf6 49. Bf7# 1-0

[Event "Late-Titled-Tuesday-Blitz-July-09-2024"]
[Site "Chess.com"]
[Date "2024.07.09"]
[Round "11"]
[White "scandalgod"]
[Black "mind1mover"]
[Result "0-1"]
[WhiteElo "2675"]
[BlackElo "2822"]
[TimeControl "180+1"]
[EndTime "16:05:34 PDT"]
[Termination "mind1mover won by resignation"]

1. d4 d5 2. c4 e6 3. Nf3 Nf6 4.
g3 Be7 5. Bg2 Ne4 6. O-O f5 7.
Nfd2 h5 8. Nc3 h4 9. Ndxe4 dxe4 10. Bf4 hxg3 11. hxg3 Bf6 12. Nb5 Na6 13. Qb3 Qe7 14. Rfd1 g5 15. Be5 Bxe5 16. dxe5 Bd7 17. Nd6+ cxd6 18.
Qxb7 Rd8 19. Qxa6 dxe5 20. Rd6 O-O 21. c5 Bc8 22. Qa3 Rd7 23. Rad1 Rc7 24. b4 a6 25.
Qb3 Kg7 26. Qc3 Qf6 27. a4 Kg6 28. b5 axb5 29. axb5 Rh7 30. c6 Rfh8 31. Rd7 Bxd7 32. cxd7 Rd8 33. Qc6 Qe7 34. Rd6 Kf6 35. g4 Rxd7 36. Rxd7 Qxd7 37. gxf5 Qxc6 38. bxc6 exf5 39. f3 Rc7 40. fxe4 f4 41. Bh3 g4 42. Bxg4 Rg7 43. c7 Rxg4+ 44. Kf2 Rg8 45. Kf3 Rc8 0-1

[Event "Late-Titled-Tuesday-Blitz-July-09-2024"]
[Site "Chess.com"]
[Date "2024.07.09"]
[Round "11"]
[White "Slovineanu"]
[Black "falzehope0"]
[Result "0-1"]
[WhiteElo "2499"]
[BlackElo "2464"]
[TimeControl "180+1"]
[EndTime "16:05:34 PDT"]
[Termination "falzehope0 won on time"]

1. d4 d6 2. e4 Nf6 3. Nc3 Nbd7 4. Nf3 e5 5. Bc4 Be7 6. O-O O-O 7. h3 c6 8. a4 Qc7 9. Re1 h6 10. a5 Re8 11.
Be3 Nf8 12. Qd3 Ng6 13. d5 c5 14. a6 b6 15. Bb5 Bd7 16. Nd2 Nh5 17. Nc4 Nhf4 18.
Bxf4 Nxf4 19. Qf3 Rf8 20. Ne3 g6 21. Kh2 Kh7 22. Bxd7 Qxd7 23. Ne2 Nh5 24. g3 Ng7 25. Nc3 f5 26. Kg2 Bg5 27. exf5 gxf5 28. Nc4 Rg8 29.
Qe2 Raf8 30. Nd2 Bxd2 31. Qxd2 f4 32. Qd3+ Nf5 33. g4 Kh8 34. f3 Ne3+ 35. Kf2 c4 36. Qe4 Qe7 37. Rh1 Qh4+ 38. Ke2 Qg3 39. Rag1 Qh4 40.
Nd1 Nxc2 41. Qxc2 e4 42. fxe4 f3+ 43. Kd2 f2 44. Rf1 Qg5+ 45. Kc3 Rf3+ 46. Kb4 Qd8 47. Nc3 Qc7 48. Rxf2 Qc5+ 49. Ka4 Rxf2 0-1

[Event "Late-Titled-Tuesday-Blitz-July-09-2024"]
[Site "Chess.com"]
[Date "2024.07.09"]
[Round "11"]
[White "Sek_Konstantin"]
[Black "rpragchess"]
[Result "1-0"]
[WhiteElo "2754"]
[BlackElo "3064"]
[TimeControl "180+1"]
[EndTime "16:05:35 PDT"]
[Termination "Sek_Konstantin won by resignation"]

1. e4 d6 2. d4 Nf6 3. Nc3 g6 4. g3 Bg7 5. Bg2 Nc6 6. Nge2 O-O 7. O-O e5 8. dxe5 Nxe5 9. h3 Re8 10. f4 Ned7 11. g4 Nc5 12. Ng3 h6 13. Be3 Qe7 14.
Re1 Bd7 15. Qd2 Rad8 16. Qf2 b6 17. Rad1 Qf8 18. b4 Na4 19. Nxa4 Bxa4 20. Rd2 Rd7 21. Bd4 Rde7 22. Rde2 Bb5 23. Re3 Bc4 24. a3 Nd7 25.
Bxg7 Qxg7 26. h4 Nf6 27. Bf3 d5 28. e5 d4 29. R3e2 Bxe2 30. exf6 Qxf6 31. Rxe2 Qxf4 32. Kg2 Re3 33. Rxe3 Rxe3 34. Nf1 Rxa3 35. Qe2 Kg7 36. h5 gxh5 37. Ng3 Qe3 38. Nf5+ Kf6 39. Nxe3 Rxe3 40. Qd2 Ke5 41. gxh5 f5 42. Qf2 f4 43. Qh4 d3 44.
Qe7+ Kd4 45. Qd7+ Kc3 46. Qxc7+ Kxb4 47. cxd3 Rxd3 48. Qxf4+ Kc3 49. Qxh6 a5 50. Qf6+ Kd2 51. h6 Rd6 1-0

[Event "Late-Titled-Tuesday-Blitz-July-09-2024"]
[Site "Chess.com"]
[Date "2024.07.09"]
[Round "11"]
[White "toninhojit"]
[Black "Horokoskii"]
[Result "1-0"]
[WhiteElo "2496"]
[BlackElo "2159"]
[TimeControl "180+1"]
[EndTime "16:05:35 PDT"]
[Termination "toninhojit won on time"]

1. e4 c5 2. Nf3 d6 3. c3 Nc6 4. d4 cxd4 5. cxd4 g6 6. d5 Nb8 7. Nc3 Bg7 8. Be3 Nf6 9. h3 O-O 10. Qd2 Qa5 11. Bd3 Bd7 12. O-O Na6 13. a3 Rac8 14. b4 Qc7 15. Rac1 Qb8 16. Rc2 Rc7 17.
Rfc1 Rfc8 18. Nd4 Ne8 19. Ncb5 Bxb5 20. Nxb5 Rxc2 21. Rxc2 Rxc2 22. Qxc2 Nac7 23. Bxa7 Qa8 24. Nxc7 Nxc7 25. Bb6 Ne8 26. a4 Nf6 27. a5 Nd7 28. Be3 Ne5 29. Be2 Qe8 30. f4 Nd7 31. Bb5 Qd8 32.
Qc4 h5 33. Kh1 h4 34. Ba4 Nf6 35. Bb6 Qb8 36. Bc2 Nh5 37. Qc7 Qe8 38. Qd8 Qxd8 39. Bxd8 Bc3 40. b5 Ng3+ 41. Kh2 Ne2 42. a6 bxa6 43.
b6 Bd4 44. b7 Ba7 45. Bc7 Nxf4 46. b8=Q+ Bxb8 47. Bxb8 Ne2 48. Bd3 Nf4 49. Bxa6 f5 50. e5 dxe5 51. Bxe5 Nh5 52. Bc4 Kf8 53. Bd4 Ng3 54. Bf2 Ne4 55. Bxh4 g5 56. Be1 f4 57. Bd3 Nd6 58. Bb4 1-0

[Event "Late-Titled-Tuesday-Blitz-July-09-2024"]
[Site "Chess.com"]
[Date "2024.07.09"]
[Round "11"]
[White "HouseOfDurin"]
[Black "Chessmatus"]
[Result "1-0"]
[WhiteElo "2341"]
[BlackElo "2521"]
[TimeControl "180+1"]
[EndTime "16:05:36 PDT"]
[Termination "HouseOfDurin won by resignation"]

1. d4 Nf6 2. Bg5 Ne4 3. Bf4 c5 4. f3 Qa5+ 5. c3 Nf6 6. Bxb8 Rxb8 7. e4 cxd4 8. Qxd4 e6 9. b4 Qc7 10. Bb5 a6 11. Ba4 b5 12. Bb3 d5 13. exd5 e5 14.
Qd3 a5 15. a3 Bd6 16. Nd2 O-O 17. Ne2 g6 18. O-O Bf5 19. Ne4 Kg7 20. N2g3 Bd7 21. Rac1 Qb6+ 22. Kh1 Ne8 23. Nxd6 Nxd6 24. Ne4 h6 25. h3 f5 26. Nxd6 Qxd6 27. Rfe1 Rfe8 28. Re3 Re7 29. Rce1 Rbe8 30. bxa5 Bc8 31. c4 bxc4 32. Bxc4 Bb7 33. a6 Ba8 34. Bb5 Rc8 35. a4 Rc5 36.
Bc6 Bxc6 37. dxc6 Rxc6 38. Qxd6 Rxd6 39. Rxe5 Rxe5 40. Rxe5 Rxa6 41. a5 Kf6 42. Rb5 Kg5 43.
g3 Kf6 44. Kg2 Kg5 45. h4+ Kf6 46. Rb6+ Rxb6 47. axb6 1-0

[Event "Late-Titled-Tuesday-Blitz-July-09-2024"]
[Site "Chess.com"]
[Date "2024.07.09"]
[Round "11"]
[White "Al_Shima"]
[Black "jcmesafischer"]
[Result "1/2-1/2"]
[WhiteElo "2479"]
[BlackElo "2358"]
[TimeControl "180+1"]
[EndTime "16:05:36 PDT"]
[Termination "Game drawn by repetition"]

1. b3 d5 2. Bb2 c5 3. e3 a6 4.
f4 Nc6 5. Nf3 f6 6. c4 d4 7. e4 e5 8. f5 Bd6 9. d3 Nge7 10. Nh4 Kf7 11. Nd2 Bc7 12. Qh5+ g6 13.
Qf3 Ba5 14. g4 g5 15. Ng2 h6 16. h4 Bxd2+ 17. Kxd2 b5 18. Be2 bxc4 19. dxc4 a5 20. a4 Bb7 21. Ne1 Qb6 22. Ba3 Nb4 23. Nd3 Nxd3 24. Qxd3 Rag8 25. hxg5 hxg5 26. Kc2 Nc8 27. Bf3 Nd6 28. Rxh8 Rxh8 29. Rh1 Rxh1 30. Bxh1 Kg7 31. Qh3 Bxe4+ 32. Bxe4 Nxe4 33. Qh5 Nf2 34. Qg6+ Kf8 35. Qh6+ Ke8 36. Qh8+ Kd7 37. Qg7+ Kc8 38. Qf8+ Kb7 39. Bxc5 d3+ 40. Kb2 d2 41. Bxb6 d1=Q 42. Bxf2 Qd2+ 43. Kb1 Qxf2 44. Qxf6 Qe1+ 45. Kc2 Qe2+ 46. Kc3 Qe3+ 47. Kc2 Qe2+ 48. Kb1 Qd1+ 49. Kb2 Qd2+ 50. Ka3 Qb4+ 51. Ka2 Qd2+ 52. Kb1 Qd1+ 53. Kb2 Qd2+ 54. Kb1 Qd1+ 1/2-1/2

[Event "Late-Titled-Tuesday-Blitz-July-09-2024"]
[Site "Chess.com"]
[Date "2024.07.09"]
[Round "11"]
[White "Brown_Mamba24"]
[Black "saikrishnaReturns"]
[Result "1-0"]
[WhiteElo "2577"]
[BlackElo "2783"]
[TimeControl "180+1"]
[EndTime "16:05:37 PDT"]
[Termination "Brown_Mamba24 won by checkmate"]

1. d4 g6 2. c4 Bg7 3. Nc3 d6 4. e4 Nd7 5. Be3 e5 6. d5 Ne7 7. Qd2 f5 8. Bh6 Bf6 9. Bg5 Bg7 10. Bh6 O-O 11. h4 f4 12. Bxg7 Kxg7 13. h5 g5 14. h6+ Kg6 15. g3 Ng8 16. gxf4 exf4 17. Qe2 Ne5 18. Qh5+ Kf6 19. Nh3 Bxh3 20. Bxh3 Qe8 21.
Qe2 f3 22. Qe3 Qh5 23. O-O-O g4 24. Bxg4 Qg5 25. Qxg5+ Kxg5 26. Bf5 Nxc4 27. Rdg1+ Kf6 28. Bxh7 Ne7 29. Rh4 Ke5 30. Rg7 Rae8 31. Nb5 Ng8 32. Rh5+ Kf4 33. Nxc7 Nf6 34. Rf5+ Kxe4 35. Rxf6+ Kd4 36.
Rxf8 Re1+ 37. Kc2 Re2+ 38. Kd1 Rxf2 39. Rg4+ Kc5 40. Ne6+ Kxd5 41. Nf4+ Kc6 42. Rc8+ Kb5 43. Bd3 d5 44. Nxd5 Rd2+ 45. Ke1 Rxd3 46. Rcxc4 Rxd5 47. Rb4+ Ka5 48. Rbd4 Rh5 49. Rh4 Re5+ 50. Kf2 Re2+ 51. Kxf3 Rxb2 52. Rd5+ b5 53. h7 Rxa2 54. h8=Q Ra3+ 55.
Ke2 Ra2+ 56. Kd1 Rg2 57. Qd8+ Ka6 58. Rd6+ Kb7 59. Rh7+ Rg7 60. Rxg7# 1-0

[Event "Late-Titled-Tuesday-Blitz-July-09-2024"]
[Site "Chess.com"]
[Date "2024.07.09"]
[Round "11"]
[White "Love7Unicorn"]
[Black "Robert_Oros"]
[Result "1-0"]
[WhiteElo "2593"]
[BlackElo "2354"]
[TimeControl "180+1"]
[EndTime "16:05:37 PDT"]
[Termination "Love7Unicorn won on time"]

1. d4 e6 2. c4 Nf6 3. g3 d5 4. Bg2 c6 5. Nf3 Be7 6. O-O Ne4 7. Nfd2 Nxd2 8. Nxd2 f5 9. Rb1 Bf6 10. e3 a5 11. b3 O-O 12. a3 b5 13. Qc2 Na6 14.
Bb2 Bd7 15. Rfc1 Nc7 16. a4 bxc4 17. bxc4 Na6 18. Ba3 Be7 19. c5 Nc7 20. Rb6 Ne8 21. Nf3 Nf6 22. Ne5 Qc8 23. Rcb1 Be8 24. Bc1 Ne4 25. f3 Nf6 26. Bd2 Nd7 27. Rxc6 Qd8 28.
Rxe6 Nxe5 29. Rxe5 g6 30. Rb6 Bf7 31. f4 Bf6 32.
Rd6 Qc7 33. Rxf6 Rab8 34. Rxf7 Kxf7 35. Bxd5+ Kg7 36. Bf3 Rfe8 37. Rxe8 Rxe8 38. d5 Qb7 39. Kf2 Rb8 40. Bc3+ Kg8 41. d6 Qb3 42. Qxb3+ Rxb3 43. Bd5+ 1-0

[Event "Late-Titled-Tuesday-Blitz-July-09-2024"]
[Site "Chess.com"]
[Date "2024.07.09"]
[Round "11"]
[White "temus_galaktionov"]
[Black "Javokhir_Sindarov05"]
[Result "0-1"]
[WhiteElo "2852"]
[BlackElo "3067"]
[TimeControl "180+1"]
[EndTime "16:05:38 PDT"]
[Termination "Javokhir_Sindarov05 won on time"]

1. d4 Nf6 2. c4 g6 3. Nf3 Bg7 4. Nc3 O-O 5. e4 d6 6. Be2 e5 7. O-O h6 8. Be3 Ng4 9. Bc1 Nf6 10. Be3 Ng4 11. Bc1 Nc6 12. d5 Ne7 13. h3 Nf6 14. Ne1 Ne8 15. Nd3 f5 16. f3 f4 17. Kf2 c5 18. Ke1 g5 19. Kd2 a6 20. a4 Rb8 21.
a5 Ng6 22. Rg1 Nf6 23. Kc2 Nh5 24. Bd2 Ng3 25. Na4 Bd7 26. Nb6 Be8 27. b4 cxb4 28. Bxb4 Rf7 29. Kb3 Bf8 30. Rc1 Ne7 31. c5 Nc8 32. Nxc8 Rxc8 33. cxd6 Rxc1 34. Nxc1 Bxd6 35. Qd2 Rc7 36. Bc4 Ba4+ 37. Kxa4 Rxc4 38. Na2 Qd7+ 39.
Kb3 Rd4 40. Qc2 Qb5 41. Qc8+ Kg7 42. Qe6 Rxb4+ 43. Nxb4 Qxb4+ 44. Ka2 Ne2 45. Qd7+ Be7 0-1

[Event "Late-Titled-Tuesday-Blitz-July-09-2024"]
[Site "Chess.com"]
[Date "2024.07.09"]
[Round "11"]
[White "vova-79"]
[Black "enriquebutti"]
[Result "1-0"]
[WhiteElo "2460"]
[BlackElo "2191"]
[TimeControl "180+1"]
[EndTime "16:05:39 PDT"]
[Termination "vova-79 won on time"]

1. d4 Nf6 2. c4 d6 3. Nf3 Nbd7 4. g3 e5 5. Nc3 Be7 6. Bg2 O-O 7. O-O c6 8. e4 Re8 9. h3 Qc7 10. Be3 Bf8 11.
Qc2 a6 12. Rac1 Rb8 13. Rfd1 b5 14. c5 dxc5 15. dxe5 Nxe5 16. Nxe5 Rxe5 17. Bf4 Nd7 18. b3 g5 19. Bxe5 Nxe5 20. Qd2 h6 21. f4 gxf4 22.
gxf4 Ng6 23. e5 Nh4 24. Ne4 Bf5 25. Nf6+ Kh8 26. Qf2 Ng6 27. Be4 Qc8 28. Kh2 Be7 29.
Bxf5 Qxf5 30. Ng4 Nxf4 31. Rf1 Bg5 32. Rxc5 Rd8 33. e6 Qe4 34. exf7 Kg7 35. Qb2+ Kxf7 36.
Re5 Qd4 37. Qxd4 Rxd4 38. Rf2 Kg6 39. Rc5 Rd3 40. Ne5+ Kg7 41. Nxd3 Nxd3 42. Rfc2 Nxc5 43. Rxc5 1-0

[Event "Late-Titled-Tuesday-Blitz-July-09-2024"]
[Site "Chess.com"]
[Date "2024.07.09"]
[Round "11"]
[White "MetiForce"]
[Black "WildTricks"]
[Result "1-0"]
[WhiteElo "2908"]
[BlackElo "2724"]
[TimeControl "180+1"]
[EndTime "16:05:42 PDT"]
[Termination "MetiForce won on time"]

1. e4 c5 2. Nf3 d6 3. d4 cxd4 4. Nxd4 Nf6 5. Nc3 g6 6. Be3 Nc6 7. f3 h5 8. Qd2 Nxd4 9. Bxd4 Bh6 10. Be3 Bxe3 11. Qxe3 Be6 12. Bd3 Qa5 13. O-O Rc8 14.
Ne2 Qc5 15. Nd4 Bd7 16. c3 e5 17. Nc2 d5 18. exd5 Nxd5 19. Qxc5 Rxc5 20. Rfe1 Nf4 21.
Be4 O-O 22. Rad1 Be6 23. h4 Bxa2 24. Rd7 Rb8 25. g3 Be6 26. Rd2 Nd5 27. Bxd5 Rxd5 28.
Rxd5 Bxd5 29. Kf2 f6 30. Nb4 Bc4 31. Rd1 a5 32. Nd5 Kf7 33. Nb6 Be6 34. c4 Ke7 35.
Ke3 Rd8 36. Ra1 Rd4 37. b3 f5 38. Rxa5 f4+ 39. gxf4 Rxf4 40. Rxe5 Rxh4 41. Na4 Kd6 42. Rb5 Bd7 43. Rd5+ Ke7 44. Nb6 Bc6 45. Nc8+ Kf6 46. Rd6+ Kg5 47. Ne7 Rh3 48. Rxg6+ 1-0

[Event "Late-Titled-Tuesday-Blitz-July-09-2024"]
[Site "Chess.com"]
[Date "2024.07.09"]
[Round "11"]
[White "alexrustemov"]
[Black "slidingknight2775"]
[Result "1/2-1/2"]
[WhiteElo "2871"]
[BlackElo "2736"]
[TimeControl "180+1"]
[EndTime "16:05:43 PDT"]
[Termination "Game drawn by repetition"]

1. d4 Nf6 2. c4 e6 3. Nf3 d5 4. Nc3 c6 5. e3 Nbd7 6. Qc2 Bd6 7.
Bd2 O-O 8. O-O-O c5 9. Kb1 a6 10. h4 dxc4 11. Bxc4 b5 12. Be2 Bb7 13. Ng5 cxd4 14.
exd4 b4 15. Nce4 Nxe4 16. Nxe4 Bxe4 17. Qxe4 Nf6 18. Qd3 a5 19. Bf3 Rc8 20. Rc1 Qb6 21. Be3 Nd5 22. Bxd5 exd5 23. Rxc8 Rxc8 24. Qf5 Qb7 25. h5 h6 26. b3 a4 27. Rc1 Rxc1+ 28. Kxc1 a3 29. Kd2 Bf8 30. g4 Qc6 31. Qd3 Qe6 32.
f3 f5 33. gxf5 Qf7 34. Ke2 Qxh5 35. Bf2 Qe8+ 36. Kf1 Qd7 37. Kg2 Qc6 38. Qe2 Kf7 39. Bg3 Qf6 40. Qe5 Qxe5 41. dxe5 g6 42. f4 gxf5 43. Bf2 Ke6 44. Bd4 Be7 45. Kh3 h5 46. Kg3 Kf7 47. Kh3 Ke6 48. Kg3 Kd7 49. Kh3 Kc6 50.
Kg3 Kd7 51. Kh3 Ke8 52. Kg3 Kf7 53. Kh3 Ke6 1/2-1/2

[Event "Late-Titled-Tuesday-Blitz-July-09-2024"]
[Site "Chess.com"]
[Date "2024.07.09"]
[Round "11"]
[White "Arysya"]
[Black "DanielNaroditsky"]
[Result "0-1"]
[WhiteElo "2916"]
[BlackElo "3089"]
[TimeControl "180+1"]
[EndTime "16:05:45 PDT"]
[Termination "DanielNaroditsky won on time"]

1. e4 c5 2. Nf3 d6 3. Bb5+ Nd7 4. a4 Nf6 5. Nc3 e5 6. O-O Be7 7. d3 O-O 8. Nd2 Nb8 9. Re1 Nc6 10. Nf1 Bg4 11. f3 Be6 12. Ne3 Nb4 13. Bc4 d5 14.
exd5 Nfxd5 15. Nexd5 Nxd5 16. Nxd5 Bxd5 17. Qe2 Bxc4 18.
dxc4 Qd4+ 19. Kh1 Rad8 20. c3 Qh4 21. Be3 b6 22. Red1 h6 23. Bf2 Qg5 24. Bg3 Bf6 25. Rd5 Rxd5 26. cxd5 h5 27. Re1 Qf5 28. Qe4 Qd7 29. b3 Re8 30. h3 Re7 31. c4 g6 32.
Bh4 Bxh4 33. Qxh4 Qd6 34. Kg1 f5 35. Qg5 Kg7 36. Kf2 e4 37. f4 a6 38. Re3 b5 39. g4 bxc4 40. bxc4 hxg4 41. hxg4 fxg4 42. Kg3 a5 43. Qxg4 Qf6 44. Qg5 Kf7 45. Kg4 Re8 46. Kg3 Qd4 47. f5 Qe5+ 48. Kg4 Rg8 0-1

[Event "Late-Titled-Tuesday-Blitz-July-09-2024"]
[Site "Chess.com"]
[Date "2024.07.09"]
[Round "11"]
[White "GAO"]
[Black "rhungaski"]
[Result "0-1"]
[WhiteElo "2437"]
[BlackElo "2622"]
[TimeControl "180+1"]
[EndTime "16:05:47 PDT"]
[Termination "rhungaski won by resignation"]

1. e4 e6 2. d4 d5 3. Nd2 c5 4. Ngf3 c4 5. g3 Nc6 6. Bg2 Nf6 7. exd5 exd5 8. O-O Be7 9. b3 cxb3 10. axb3 O-O 11. c4 Bf5 12. Re1 Nb4 13. Ba3 a5 14. Nh4 Bg4 15.
Bf3 Be6 16. Bg2 Re8 17. Ndf3 Bg4 18. h3 Bh5 19. Nf5 Bf8 20. Rxe8 Qxe8 21. Qd2 Ne4 22.
Qf4 Bg6 23. Ne5 Nc3 24. Re1 Nd3 25. Nxd3 Qxe1+ 26. Nxe1 Ne2+ 27. Kf1 Nxf4 28. Bxf8 Nxg2 29. Kxg2 Bxf5 30. Bc5 Re8 31. Kf1 Bxh3+ 32. Ng2 Re1+ 33. Kxe1 Bxg2 34. cxd5 Bxd5 35. Bb6 Bxb3 36. Bxa5 h5 37. Kd2 Kh7 38. Ke3 g5 39. Bd8 Kg6 40. Ke4 f6 41.
d5 b5 42. d6 Be6 43. Kd4 Kf5 44. Kc5 Bd7 45. Kb6 h4 46. gxh4 gxh4 47. Kc7 h3 48. Kxd7 h2 49. Bc7 h1=Q 50. Ke7 Qh7+ 51. Kd8 Ke6 52. Kc8 Qd7+ 53. Kb7 Kd5 54. Kb6 b4 55. f3 b3 0-1

[Event "Late-Titled-Tuesday-Blitz-July-09-2024"]
[Site "Chess.com"]
[Date "2024.07.09"]
[Round "11"]
[White "carokannlover213"]
[Black "Igor_Janik"]
[Result "0-1"]
[WhiteElo "2718"]
[BlackElo "2895"]
[TimeControl "180+1"]
[EndTime "16:05:48 PDT"]
[Termination "Igor_Janik won by checkmate"]

1. Nf3 Nf6 2. c4 e6 3. g3 a6 4. Bg2 b5 5. b3 Bb7 6. O-O Be7 7. Bb2 O-O 8. Nc3 b4 9. Na4 d6 10. d4 Nbd7 11. Qd2 a5 12. a3 Ne4 13. Qc2 Qc8 14.
axb4 axb4 15. d5 Ndc5 16. Nxc5 Nxc5 17. dxe6 fxe6 18. Bd4 Be4 19. Qb2 Bf6 20. Bxf6 Rxf6 21. Nd4 Bxg2 22. Kxg2 Qb7+ 23. Kg1 e5 24. Nf3 Rff8 25.
Nd2 Ne6 26. Qc2 Ng5 27. f3 Ne6 28. Rxa8 Qxa8 29. c5 d5 30. e3 Qc6 31. Rc1 Ng5 32.
Rf1 Qh6 33. Qd3 c6 34. e4 Qg6 35. Qe2 Qe6 36. Re1 dxe4 37. fxe4 Nh3+ 38. Kh1 Nf2+ 39.
Kg1 Nh3+ 40. Kh1 h6 41. Rf1 Rd8 42. Qc4 Ng5 43. Rf2 Rd4 44. Qc2 Qg4 45. Kg2 Kh7 46.
Kf1 Qh3+ 47. Kg1 Qg4 48. Kg2 Nh3 49. Rf1 Nf4+ 50. Kf2 Qe2+ 51. Kg1 Qg2# 0-1

[Event "Late-Titled-Tuesday-Blitz-July-09-2024"]
[Site "Chess.com"]
[Date "2024.07.09"]
[Round "11"]
[White "zacachess"]
[Black "LoonsDeKoeben"]
[Result "1-0"]
[WhiteElo "2495"]
[BlackElo "2420"]
[TimeControl "180+1"]
[EndTime "16:05:49 PDT"]
[Termination "zacachess won by resignation"]

1. e4 e5 2. Nc3 Nf6 3. Bc4 Bc5 4.
f4 d5 5. exd5 exf4 6. d4 Bb4 7.
Bxf4 Nxd5 8. Bd2 Bxc3 9. bxc3 Qh4+ 10. g3 Qe7+ 11. Qe2 Be6 12. Nf3 Nxc3 13. Bxc3 Bxc4 14. Qxe7+ Kxe7 15. Kf2 f6 16. Nh4 Nd7 17. Nf5+ Kf7 18. Ne3 Nb6 19. a4 Bd5 20. Rhb1 Rhe8 21. a5 Rxe3 22.
Kxe3 Nc4+ 23. Kd3 Rb8 24. Re1 b5 25. Bb4 Kg6 26. Re7 a6 27. Rxc7 Re8 28. Re1 Nb2+ 29. Kd2 Nc4+ 30. Kc1 Be4 31. Ra7 f5 32. Rxa6+ Kg5 33.
d5 Rc8 34. Rc6 Rd8 35. Rc5 Bxd5 36. Rxb5 Kg6 37. Rc5 Rd6 38. Rd1 Ne3 39. Rd3 Re6 40.
Rcxd5 Nxd5 41. Rxd5 Re4 42. c3 Re1+ 43. Kc2 Rh1 44.
Rd2 Ra1 45. Kb2 Re1 46. a6 Re7 47. Bc5 Rb7+ 48. axb7 Kh5 49. b8=Q g6 50. Qf4 h6 51. h3 g5 52. g4+ Kh4 53. Qf2+ 1-0

[Event "Late-Titled-Tuesday-Blitz-July-09-2024"]
[Site "Chess.com"]
[Date "2024.07.09"]
[Round "11"]
[White "ArchibaldCerveza29"]
[Black "LidongW"]
[Result "0-1"]
[WhiteElo "2381"]
[BlackElo "2291"]
[TimeControl "180+1"]
[EndTime "16:05:57 PDT"]
[Termination "LidongW won on time"]

1. e4 e6 2. d4 d5 3. Bd3 Nf6 4. e5 Nfd7 5. c3 c5 6. Nf3 Nc6 7. O-O Qb6 8. dxc5 Bxc5 9. b4 Be7 10. Qe2 Qc7 11. Re1 a6 12. Nbd2 g5 13. h3 h5 14. Nb3 g4 15. Nfd4 Ncxe5 16. Bf4 Bd6 17. Kh1 gxh3 18. gxh3 Nxd3 19. Bxd6 Qxd6 20. Qxd3 Nb6 21.
Nc5 Nc4 22. Rad1 b6 23. Ncxe6 fxe6 24. Nf5 Qf8 25. Qxd5 Ra7 26. Rxe6+ Bxe6 27. Qxe6+ Re7 28. Qc8+ Kf7 29. Qxc4+ Kg6 30. Nh4+ Kh7 31. Qd3+ Kg8 32. Rg1+ Rg7 33. Qd5+ Qf7 34. Qd8+ Kh7 35. Qd3+ Kg8 36. Qd8+ Kh7 37. Qd3+ Kg8 38. Rxg7+ Kxg7 39. Qd4+ Qf6 40. Nf5+ Kf7 41. Qd7+ Kg6 42. Ne7+ Kh6 43. Nf5+ Kg6 44. Ne7+ Kh6 45. Qd2+ Kg7 46. Nd5 Qf3+ 47. Kh2 Rf8 48. Qg5+ Kh7 49. Qe7+ Rf7 50. Qd8 Qxf2+ 51. Kh1 Qf1+ 52.
Kh2 Rf2+ 53. Kg3 Qg2+ 54. Kh4 Qe4+ 55. Kxh5 Rf5+ 56. Qg5 Rxg5+ 0-1